AoeStats
← CHAO NGAY MOI

Fortress

510304948Analyzed
1v1 RM · 16h ago on Sep 30, 2026· 48m 38s· 2 players
Game mode
Random Map
Map size
Small (3 player)
Population
200
Speed
Normal
Resources
Standard
Victory
Conquest
Starting age
Dark Age
Ending age
Imperial Age
RankedLock teamsTeams togetherTeam positionsShared explorationLock speedFull tech treeHidden civsTurbo modeCheats
Victory
Defeat
🇯🇵 Khmer · Japan
926
+15
🇦🇺 Japanese · Australia
913
-15
jimbo_slice
7:46 Feudal Age
8:32 Double-Bit Axe
8:30 Horse Collar
12:02 Bloodlines
16:07 Castle Age
13:55 Loom
14:23 Gold Mining
16:03 Forging
20:27 Gold Shaft Mining
20:48 Pikeman
31:18 Imperial Age
29:00 Scale Mail Armor
30:49 Squires
31:19 Halberdier
34:13 Chemistry
33:08 Fletching
35:21 Siege Engineers
36:11 Chain Mail Armor
36:42 Heavy Plow
38:03 Onager
39:24 Ballistics
42:45 Cavalier
43:36 Murder Holes
CHAO NGAY MOI
5:49 Loom
8:05 Feudal Age
9:42 Double-Bit Axe
12:18 Castle Age
12:36 Castle Age
10:46 Horse Collar
11:20 Gold Mining
20:23 Bow Saw
23:33 Wheelbarrow
22:52 Town Watch
25:06 Hand Cart
27:52 Imperial Age
26:44 Heavy Plow
30:02 Conscription
30:11 Double Crossbow
29:49 Elite Battle Elephant
31:21 Crop Rotation
32:44 Husbandry
32:54 Bloodlines
32:47 Tusk Swords
32:46 Elite Ballista Elephant
35:12 Forging
35:10 Scale Barding Armor
35:08 Padded Archer Armor
35:02 Fletching
35:58 Gold Shaft Mining
35:47 Fletching
36:34 Iron Casting
36:37 Bodkin Arrow
37:07 Chain Barding Armor
39:00 Blast Furnace
38:18 Leather Archer Armor
38:37 Bracer
44:50 Ring Archer Armor
45:02 Plate Barding Armor
Connection lost

Rejoining the realm…

Still unreachable

The connection could not be restored.

Session expired

The server has moved on; the page needs a fresh start.